 Dungeon Crawl Stone Soup version 0.29.0-13-gc9e81de378 (webtiles) character file.

Game seed: 369063351470299007

28 RascalDebosk the Cudgeller (level 2, -13/28 HPs)
             Began as a Troll Gladiator on Sept 8, 2022.
             Mangled by Terence
             ... wielding a +0 trident
              (14 damage)
             ... on level 2 of the Dungeon.
             The game lasted 00:06:57 (676 turns).

RascalDebosk the Cudgeller (Troll Gladiator)         Turns: 676, Time: 00:06:57

Health: -13/28     AC:  4    Str: 21    XL:     2   Next: 96%
Magic:  1/1        EV: 10    Int:  4    God:
Gold:   83         SH:  0    Dex: 11    Spells: 1/1 levels left

rFire   . . .      SeeInvis .   a - +0 flail
rCold   . . .      Faith    .   (no shield)
rNeg    . . .      Spirit   .   n - +0 robe
rPois   +          Reflect  .   c - +0 hat
rElec   .          Harm     .   (no cloak)
rCorr   .          Rampage  .   (gloves unavailable)
Will    .....                   (boots unavailable)
Stlth   +.........              (no amulet)
HPRegen 0.89/turn               i - ring of poison resistance
MPRegen 0.07/turn               (no ring)

@: no status effects
A: large, unfitting armour, claws 3, regeneration 1, shaggy fur 1, tough skin 1
a: no special abilities


You were on level 2 of the Dungeon.
You visited 1 branch of the dungeon, and saw 2 of its levels.

You collected 83 gold pieces.

Inventory:

Hand Weapons
 a - a +0 flail (weapon)
Missiles
 e - a large rock (quivered)
Armour
 c - a +0 hat (worn)
 n - a +0 robe (worn)
Jewellery
 i - a ring of poison resistance (left claw)
Scrolls
 g - 6 scrolls of identify {unknown}
 h - 5 scrolls of teleportation {unknown}
 j - a scroll of fear {unknown}
 m - a scroll of enchant weapon {unknown}
 o - a scroll of enchant armour {unknown}
 p - a scroll of noise {unknown}
Potions
 b - 2 potions of curing {unknown}
 f - a potion of berserk rage {unknown}
 k - a potion of might
 l - a potion of mutation {unknown}
 q - a potion of ambrosia {unknown}


   Skills:
 + Level 2.0 Fighting
 + Level 3.0 Maces & Flails
 + Level 2.1 Throwing
 + Level 2.7 Dodging


You had one spell level left.
You didn't know any spells.
Your spell library was empty.

Dungeon Overview and Level Annotations

Branches:
Dungeon (2/15)

Altars:

Annotations:
D:2 Terence


Innate Abilities, Weirdness & Mutations

You are too large for most types of armour.
You have claws for hands.
Your natural rate of healing is unusually fast.
You are covered in fur. (AC +1)
You have tough skin. (AC +1)


Message History

You thump the adder!
You kill the adder!
Your Fighting skill increases to level 2!
Your Maces & Flails skill increases to level 3!
Terence the Incautious comes into view.
He is wielding a +0 trident.
Found 3 stones.
Terence shouts!
Things that are here:
a blue potion; an adder corpse
Things that are here:
a blue potion; an adder corpse
q - a blue potion Throw: 3 throwing nets
Press: ? - help, Q - select action, (/) - cycle Shift-Dir - straight line, f - Terence
Aim: Terence, wielding a +0 trident and wearing a +0 chain mail (65% to hit)
You throw a throwing net. The throwing net barely misses Terence.
Throw: 2 throwing nets
Press: ? - help, Q - select action, (/) - cycle Shift-Dir - straight line, f/p - Terence
Aim: Terence, wielding a +0 trident and wearing a +0 chain mail (65% to hit)
You throw a throwing net. The throwing net barely misses Terence.
Throw: throwing net
Press: ? - help, Q - select action, (/) - cycle Shift-Dir - straight line, f/p - Terence
Aim: Terence, wielding a +0 trident and wearing a +0 chain mail (65% to hit)
You throw a throwing net.
The throwing net closely misses Terence.
Terence hits you but does no damage.
Terence drinks a potion.
Terence seems to grow stronger.
You hit Terence but do no damage. Terence misses you.
You closely miss Terence.
A rat comes into view.
Terence misses you. Terence hits you with a +0 trident!
You hit Terence but do no damage. Terence hits you with a +0 trident!
* * * LOW HITPOINT WARNING * * *
You hit Terence but do no damage. Terence hits you but does no damage.
You closely miss Terence. Terence barely misses you.
You closely miss Terence. Terence hits you with a +0 trident.
* * * LOW HITPOINT WARNING * * *
Terence hits you with a +0 trident!
Ouch! That really hurt!
You die...

....########.### #.
.........# #.†.# #..
..######.#####.####..
..######.#............
...........#####..####
.###..####.....#..##
.# ># #####.....# .# #
##†...### ## #(.@....#
# #..r@...... #
#.......#.. ...#.#...#
.##...###(# .. #..##
.# . ... . .## #


You could see Terence (strong) and a rat.

Vanquished Creatures
  An adder (D:2)
  A dart slug (D:2)
  2 endoplasms
  A giant cockroach (D:1)
  A goblin (D:1)
  3 hobgoblins (D:1)
  A quokka (D:1)
  2 ball pythons
  A bat (D:1)
  A kobold (D:1)
  3 rats
17 creatures vanquished.

Notes
Turn   | Place    | Note
-------+----------+-------------------------------------------
     0 | D:1      | RascalDebosk the Troll Gladiator began the quest for the
                  | Orb.
     0 | D:1      | Reached XP level 1. HP: 19/19 MP: 0/0
   370 | D:1      | Reached XP level 2. HP: 26/28 MP: 1/1
   663 | D:2      | Reached skill level 3 in Maces & Flails
   663 | D:2      | Noticed Terence
   676 | D:2      | HP: 1/28 [Terence/+0 trident (6)]
   676 | D:2      | Mangled by Terence

Illustrated notes

Levels and vault maps discovered:
D:1:      psy_arrival_spokes, layout_basic, minmay_ruptured
D:2:      layout_rooms, lemuel_old_faithful, uniq_terence

Skill      XL: |  1  2 |
---------------+-------+-----
Throwing       | 2 |  2.1
Fighting       | 2 |  2.0
Maces & Flails | 3 |  3.0
Dodging        | |  2.7

Action                   || total
-------------------------++-------
Melee: Flail             ||    55
Throw: Throwing net      ||     3
 Stab: Sleeping          ||     1
Armor: Robe              ||    23
Dodge: Dodged            ||    42
